 Dungeon Crawl Stone Soup version 0.22-a0-322-g60b3cfd (webtiles) character file.

56228 Kairos the Cleaver (level 15, -9/117 HPs)
             Began as a Human Fighter on Apr 5, 2018.
             Was the Champion of Okawaru.
             Mangled by a titan (31 damage)
             ... on level 1 of the Shoals.
             The game lasted 01:22:22 (19049 turns).

Kairos the Cleaver (Human Fighter)                 Turns: 19049, Time: 01:22:23

Health: -9/117     AC: 19    Str: 19    XL:     15   Next: 21%
Magic:  0/19       EV: 21    Int: 13    God:    Okawaru [******]
Gold:   881        SH: 16    Dex: 17    Spells: 14/14 levels left

rFire    . . .     SeeInvis .   p - +1 broad axe (venom)
rCold    . . .     Gourm    .   c - +1 shield
rNeg     . . .     Faith    +   F - +2 scale mail {MR+}
rPois    +         Spirit   +   (no helmet)
rElec    .         Reflect  .   w - scarf {Spirit}
rCorr    .         Harm     .   J - +2 pair of gloves
MR       ++...                  W - +0 pair of boots
Stlth    +++.......             g - amulet of Gofuecw {Faith *Drain rPois Int+5 Slay+5}
HPRegen  0.29/turn              D - +2 ring of protection
MPRegen  0.16/turn              x - +3 ring of evasion

@: heroism, finesse
A: no striking features
a: Heroism, Finesse, Renounce Religion


You were on level 1 of the Shoals.
You worshipped Okawaru.
Okawaru was exalted by your worship.
You were not hungry.

You visited 4 branches of the dungeon, and saw 17 of its levels.

You collected 881 gold pieces.

Inventory:

Hand Weapons
 n - a +6 hand axe of flaming
 p - a +1 broad axe of venom (weapon)
 s - a +0 mace of protection
Missiles
 l - 22 tomahawks (quivered)
 N - 8 silver javelins
Armour
 c - a +1 shield (worn)
 u - +0 gold dragon scales
 w - a scarf of spirit shield (worn)
 A - a +2 cloak
 F - a +2 scale mail of magic resistance (worn)
 J - a +2 pair of gloves (worn)
 W - a +0 pair of boots (worn)
Jewellery
 a - a +2 ring of evasion
 g - the amulet of Gofuecw (around neck) {Faith *Drain rPois Int+5 Slay+5}
   (You took it off an orc wizard on level 8 of the Dungeon)

   [amulet of faith]

   It allows you to gain divine favour quickly.
   It affects your intelligence (+5).
   It affects your accuracy and damage with ranged weapons and melee attacks
   (+5).
   It protects you from poison.
   It causes draining when unequipped.
 r - a +4 ring of intelligence
 x - a +3 ring of evasion (right hand)
 C - an uncursed ring of flight
 D - a +2 ring of protection (left hand)
 T - an uncursed ring of positive energy
Wands
 b - a wand of disintegration (11)
 j - a wand of iceblast (35)
 y - a wand of enslavement (6)
 K - a wand of clouds (2)
 R - a wand of acid (6)
 S - a wand of paralysis (12)
Scrolls
 h - 9 scrolls of remove curse
 i - 2 scrolls of fear
 k - 8 scrolls of teleportation
 t - 3 scrolls of blinking
 L - 3 scrolls of identify
 M - a scroll of vulnerability {unknown}
 P - a scroll of noise {unknown}
 Q - a scroll of brand weapon {unknown}
 U - a scroll of fog {unknown}
 V - a scroll of acquirement {unknown}
 X - 3 scrolls of holy word
 Y - a scroll of torment {unknown}
Potions
 d - a potion of might
 e - a potion of haste
 m - 2 potions of ambrosia
 o - 4 potions of flight
 q - 3 potions of agility
 v - a potion of degeneration {unknown}
 z - 2 potions of cancellation
 B - a potion of invisibility
 E - 2 potions of magic {unknown}
 G - a potion of berserk rage {unknown}
 H - 4 potions of curing
 I - a potion of heal wounds
Miscellaneous
 O - a lightning rod (4/4)
Comestibles
 f - 21 rations


   Skills:
 + Level 10.6(15.6) Fighting
 + Level 14.2(19.3) Axes
 + Level 2.5(14.9) Maces & Flails
 + Level 9.8(14.8) Armour
 + Level 7.6(12.6) Dodging
 + Level 3.8(8.8) Stealth
 + Level 12.1(17.1) Shields
 + Level 6.3 Invocations
 + Level 3.2 Evocations


You had 14 spell levels left.
You didn't know any spells.

Dungeon Overview and Level Annotations

Branches:
Dungeon (9/15)             Temple (1/1) D:7            Lair (6/6) D:9
 Shoals (1/4) Lair:2        Snake (0/4) Lair:4        Slime (0/5) Lair:5
    Orc: D:9-12

Altars:
Ashenzari
Cheibriados
Dithmenos
Elyvilon
Fedhas
Gozag
Hepliaklqana
Kikubaaqudgha
Makhleb
Nemelex Xobeh
Okawaru
Qazlal
Ru
Sif Muna
Trog
Uskayaw
Vehumet
Wu Jian
Xom
Yredelemnul
Zin
The Shining One

Shops:
Shoals:1 [


Message History

Your scale mail prevents you from hitting the titan.
The titan is moderately wounded.
You hit the stone giant.
The stone giant looks as sick as possible!
You block the titan's attack.
You slice the titan!!
The titan looks as sick as possible!
The titan is heavily wounded.
You barely miss the stone giant. You hit the titan but do no damage.
The titan is heavily wounded.
You slash the stone giant!
The stone giant looks as sick as possible!
The stone giant hits you!!
* * * LOW HITPOINT WARNING * * *
You slice the titan!!
The titan looks as sick as possible!
The titan is severely wounded.
You hit the stone giant.
The stone giant looks as sick as possible!
The titan hits you!!
You die...

≈≈≈≈≈≈≈≈..≈≈≈......≈.......≈≈≈
≈≈≈≈≈≈≈.≈≈≈≈≈≈.....≈..∩....≈≈≈
≈≈≈≈≈≈..≈≈≈≈≈≈....≈≈.......≈≈≈
≈
≈≈≈≈≈≈≈≈≈≈≈≈≈≈...≈≈...(....≈≈.
≈≈
≈≈≈≈≈≈≈≈≈≈≈≈≈≈.##'##.###...≈≈.
≈≈ .[..≈≈≈≈≈≈≈≈≈####(####
##..... ≈≈. #..≈≈(..≈#####)≈#
##8###.... ≈≈[
#......≈###≈≈≈≈###.≈.. #....
≈≈.###.≈.##.###.@≈≈###≈.C..
##...
≈≈....≈≈...≈##≈CC8###≈C.# #≈≈.
≈≈≈≈≈≈≈≈≈≈≈≈###≈≈###...# #.≈≈
≈≈≈≈≈≈≈≈≈.≈≈≈##≈...(..# #..≈
≈≈≈≈≈≈≈≈≈≈.≈≈≈###≈.≈### #..≈
≈≈≈≈≈≈≈≈≈≈≈≈≈≈####### #.[≈
≈≈≈≈≈≈≈≈≈≈≈.≈≈.# #### #.≈≈
≈≈≈≈≈≈≈.###...## 8...
≈≈≈≈≈≈≈.# #..## ).....


You could see a titan and a stone giant.

Vanquished Creatures
  Rupert (Lair:4)
  A frost giant (Shoals:1)
  Nessos (Lair:5)
  8 hydras
  A catoblepas (Lair:5)
  A merfolk aquamancer (Shoals:1)
  3 two-headed ogres
  7 death yaks
  Urug (Lair:2)
  Sonja (Lair:1)
  Pikel (D:7)
  A lindwurm (Lair:5)
  5 fauns (Shoals:1)
  A cyclops (Shoals:1)
  6 elephants (Lair:6)
  A manticore (Shoals:1)
  4 black mambas
  Psyche (D:9)
  The ghost of Nattefrost the Insei, a novice DsMo (D:5)
  A torpor snail (Lair:6)
  19 spiny frogs
  3 rime drakes
  5 komodo dragons
  2 polar bears
  A queen bee (Lair:1)
  5 tyrant leeches (Lair:6)
  2 merfolk (Shoals:1)
  A wind drake (Shoals:1)
  23 blink frogs
  4 hippogriffs
  A snapping turtle (Shoals:1)
  7 dream sheep (Lair:5)
  Sigmund (D:4)
  2 water elementals (Shoals:1)
  Eustachio (D:5)
  3 basilisks
  16 yaks
  7 vampire mosquitoes
  3 insubstantial wisps (Lair:5)
  3 nagas (Lair:4)
  Edmund (D:4)
  9 porcupines
  11 water moccasins
  2 orc warriors
  2 sky beasts
  An ice beast (D:6)
  A necrophage (D:7)
  4 ogres
  6 wolves (Lair:6)
  23 crocodiles
  3 centaurs
  22 bullfrogs
  2 scorpions (D:9)
  A water moccasin skeleton (D:8)
  23 killer bees (Lair:1)
  A vampire bat (Lair:1)
  An electric eel (Lair:4)
  5 howler monkeys
  6 crimson imps
  3 hounds
  7 orc priests
  Crazy Yiuf (D:4)
  3 jellies
  Ijyb (D:3)
  10 orc wizards
  6 worker ants
  Natasha (D:2)
  2 iguanas
  3 hound zombies
  A worker ant zombie (D:6)
  A howler monkey skeleton (D:5)
  7 gnolls
  12 adders
  An ooze (D:5)
  2 adder skeletons
  3 worms
  A dart slug (D:4)
  3 leopard geckos
  28 orcs
  5 giant cockroaches
  13 goblins
  7 hobgoblins
  15 jackals
  5 quokkas
  13 bats
  4 frilled lizards
  2 kobolds
  2 quokka skeletons
  4 rats
  4 fungi
  10 plants
460 creatures vanquished.

Vanquished Creatures (collateral kills)
  A howler monkey (D:8)
  A jelly (D:8)
  A worker ant (D:8)
3 creatures vanquished.

Vanquished Creatures (others)
  Menkaure (D:7)
  14 fungi
  40 plants
55 creatures vanquished.

Grand Total: 518 creatures vanquished

Notes
Turn   | Place    | Note
-------+----------+-------------------------------------------
     0 | D:1      | Kairos the Human Fighter began the quest for the Orb.
     0 | D:1      | Reached XP level 1. HP: 18/18 MP: 1/1
    94 | D:1      | Reached XP level 2. HP: 22/24 MP: 2/2
   473 | D:1      | Reached XP level 3. HP: 29/29 MP: 3/3
   766 | D:2      | Reached XP level 4. HP: 11/35 MP: 4/4
  1115 | D:2      | Noticed Natasha
  1123 | D:2      | Killed Natasha
  1123 | D:2      | Reached skill level 1 in Axes
  1449 | D:3      | Reached XP level 5. HP: 41/41 MP: 5/5
  1554 | D:3      | Reached skill level 2 in Axes
  2100 | D:3      | Noticed Ijyb
  2131 | D:3      | Killed Ijyb
  2131 | D:3      | Reached skill level 1 in Dodging
  2335 | D:3      | Reached XP level 6. HP: 47/47 MP: 6/6
  2505 | D:4      | Noticed Edmund
  2532 | D:4      | HP: 1/47 [Edmund/dire flail of protection (3)]
  2534 | D:4      | Killed Edmund
  2861 | D:4      | Noticed Sigmund
  2873 | D:4      | Killed Sigmund
  2873 | D:4      | Reached skill level 3 in Axes
  2873 | D:4      | Reached XP level 7. HP: 52/53 MP: 7/7
  3563 | D:4      | Found a runed door.
  3567 | D:4      | Noticed Crazy Yiuf
  3598 | D:4      | Killed Crazy Yiuf
  3598 | D:4      | Reached skill level 4 in Axes
  3610 | D:5      | Entered Level 5 of the Dungeon
  3610 | D:5      | Found a hazy altar of Hepliaklqana.
  3610 | D:5      | Found a burning altar of Makhleb.
  3610 | D:5      | Found a stormy altar of Qazlal.
  3641 | D:5      | Found an opulent altar of Gozag.
  4049 | D:5      | Reached XP level 8. HP: 44/60 MP: 8/8
  4060 | D:5      | Reached skill level 5 in Armour
  4186 | D:5      | Noticed Nattefrost's ghost (novice DsMo)
  4197 | D:5      | Reached skill level 5 in Shields
  4794 | D:5      | Killed Nattefrost's ghost
  4794 | D:5      | Reached skill level 5 in Axes
  5176 | D:5      | Noticed Eustachio
  5226 | D:5      | Killed Eustachio
  5257 | D:5      | Reached XP level 9. HP: 47/66 MP: 9/9
  5720 | D:6      | Reached skill level 6 in Axes
  6794 | D:7      | Reached skill level 7 in Axes
  6960 | D:7      | Reached skill level 5 in Fighting
  7391 | D:7      | Found a staircase to the Ecumenical Temple.
  7446 | D:7      | Reached XP level 10. HP: 63/74 MP: 10/10
  7598 | D:7      | Noticed Menkaure
  7599 | D:7      | Noticed Pikel
  7656 | D:7      | Killed Pikel
  7656 | D:7      | Reached skill level 8 in Axes
  7659 | D:7      | Killed Menkaure
  7797 | Temple   | Entered the Ecumenical Temple
  7958 | Temple   | Became a worshipper of Warmaster Okawaru
  8012 | D:8      | Noticed a two-headed ogre
  8012 | D:8      | Noticed a two-headed ogre
  8038 | D:7      | Killed a two-headed ogre
  8038 | D:7      | Reached * piety under Okawaru
  8447 | D:8      | Noticed a two-headed ogre
  8455 | D:8      | Killed a two-headed ogre
  8455 | D:8      | Reached ** piety under Okawaru
  8459 | D:8      | Killed a two-headed ogre
  8459 | D:8      | Reached skill level 9 in Axes
  8641 | D:8      | Got a scorched graven amulet
  8788 | D:8      | Reached skill level 1 in Evocations
  9063 | D:8      | Identified the amulet of Gofuecw {Faith *Drain rPois Int+5 Slay+5} (You took it off an orc wizard on level 8 of the Dungeon)
  9215 | D:9      | Found a staircase to the Lair.
  9228 | D:9      | Reached XP level 11. HP: 68/81 MP: 11/11
  9565 | D:9      | Reached *** piety under Okawaru
  9565 | D:9      | Reached skill level 5 in Dodging
  9580 | D:9      | Noticed Psyche
  9588 | D:9      | Killed Psyche
  9818 | Lair:1   | Entered Level 1 of the Lair of Beasts
 10314 | Lair:1   | Reached skill level 10 in Axes
 10799 | Lair:1   | Received a gift from Okawaru
 11001 | Lair:1   | Reached **** piety under Okawaru
 11381 | Lair:2   | Noticed a death yak
 11381 | Lair:2   | Noticed a death yak
 11383 | Lair:2   | Noticed a death yak
 11856 | Lair:2   | Noticed a death yak
 11863 | Lair:1   | Killed a death yak
 11863 | Lair:1   | Reached ***** piety under Okawaru
 12256 | Lair:2   | Noticed a six-headed hydra
 12266 | Lair:2   | Killed a one-headed hydra
 12266 | Lair:2   | Reached skill level 1 in Stealth
 12266 | Lair:2   | Reached XP level 12. HP: 63/91 MP: 9/13
 12297 | Lair:2   | Noticed Urug
 12482 | Lair:2   | Killed a death yak
 12482 | Lair:2   | Reached skill level 1 in Invocations
 12493 | Lair:2   | Killed a death yak
 12495 | Lair:2   | Killed a death yak
 12495 | Lair:2   | Reached skill level 11 in Axes
 12717 | Lair:2   | Noticed Sonja
 12800 | Lair:1   | Killed Sonja
 13147 | Lair:2   | Killed Urug
 13162 | Lair:2   | Found a staircase to the Shoals.
 13639 | Lair:3   | Noticed a seven-headed hydra
 13648 | Lair:3   | Killed a two-headed hydra
 13779 | Lair:3   | Noticed an eight-headed hydra
 13790 | Lair:3   | Killed a three-headed hydra
 13796 | Lair:3   | Reached skill level 10 in Shields
 14537 | Lair:4   | Reached XP level 13. HP: 98/98 MP: 13/15
 14551 | Lair:4   | Reached ****** piety under Okawaru
 14571 | Lair:4   | Noticed Rupert
 14621 | Lair:4   | Killed Rupert
 14621 | Lair:4   | Received a gift from Okawaru
 14621 | Lair:4   | Reached skill level 12 in Axes
 14862 | Lair:4   | Received a gift from Okawaru
 15293 | Lair:4   | Found a staircase to the Snake Pit.
 15504 | Lair:5   | Noticed a seven-headed hydra
 15514 | Lair:5   | Killed a one-headed hydra
 15529 | Lair:5   | Noticed Nessos
 15617 | Lair:5   | Noticed a catoblepas
 15637 | Lair:5   | Killed a catoblepas
 16274 | Lair:5   | Reached skill level 5 in Invocations
 16376 | Lair:5   | Found a staircase to the Slime Pits.
 16632 | Lair:5   | Killed Nessos
 16632 | Lair:5   | Reached XP level 14. HP: 59/108 MP: 13/17
 16807 | Lair:6   | Entered Level 6 of the Lair of Beasts
 16820 | Lair:6   | Received a gift from Okawaru
 16833 | Lair:6   | Reached skill level 13 in Axes
 17178 | Lair:6   | Received a gift from Okawaru
 17403 | Lair:6   | Received a gift from Okawaru
 17405 | Lair:6   | Reached skill level 10 in Fighting
 17416 | Lair:6   | Got an iridescent executioner's axe {god gift}
 18101 | Lair:6   | Reached skill level 14 in Axes
 18283 | Lair:2   | Identified the +6 executioner's axe of Buneokon {drain, Int+4 Stlth-} (Okawaru gifted it to you on level 6 of the Lair of Beasts)
 18407 | Shoals:1 | Entered Level 1 of the Shoals
 18439 | Shoals:1 | Reached XP level 15. HP: 96/116 MP: 19/19
 18444 | Shoals:1 | Received a gift from Okawaru
 18958 | Shoals:1 | Found Nybbeng's Armour Boutique.
 18999 | Shoals:1 | Noticed a frost giant
 19016 | Shoals:1 | Killed a frost giant
 19029 | Shoals:1 | Noticed a stone giant
 19030 | Shoals:1 | Noticed a titan
 19049 | Shoals:1 | Mangled by a titan

Vault maps used:
D:1:      tarquinn_simple_flora_water_f
D:2:      uniq_natasha
D:3:      kennysheep_the_goblin_king, first_ration
D:4:      uniq_sigmund, uniq_crazy_yiuf_cottage, uniq_ijyb, uniq_edmund
D:5:      overflow_temple_1_default, grunt_temple_overflow_open, uniq_eustachio
D:6:      nicolae_lava_and_water
D:7:      minmay_temple_entry_crystal_x, uniq_pikel, uniq_menkaure
D:9:      due_lair_maze_entry_diamond, uniq_psyche
Temple:   dpeg_five_rooms_temple
Lair:1:   special_room, roderic_batcave
Lair:2:   elwin_shoals_entry_rocks, uniq_urug, uniq_sonja
Lair:4:   minmay_snake_entry_guardpost_small, uniq_rupert
Lair:5:   slime_dummy, pond, infiniplex_staircase_pool_2, uniq_nessos
Lair:6:   minmay_lair_end_frog_pond
Shoals:1: cheibrodos_shoals_gigantism, serial_shops, shop

Skill      XL: |  1  2  3  4  5  6  7  8  9 10 11 12 13 14 15 |
---------------+----------------------------------------------+-----
Axes           | 1 2 3 4 5 7 9 10 11 12 14 | 14.2
Dodging        | 1 2 3 4 5 6 7 |  7.6
Shields        | 4 5 6 8 9 10 11 12 | 12.1
Armour         | 4 5 6 7 8 9 |  9.8
Fighting       | 4 5 6 7 9 10 | 10.6
Evocations     | 1 2 3 |  3.2
Stealth        | 1 2 3 |  3.8
Invocations    | 3 5 6 |  6.3
Maces & Flails | |  2.5

Action                   |  1- 3 |  4- 6 |  7- 9 | 10-12 | 13-15 || total
-------------------------+-------+-------+-------+-------+-------++-------
Melee: Flail             |    38 |       |       |       |       ||    38
       Hand axe          |    26 |   161 |   503 |   577 |   595 ||  1862
       Broad axe         |       |       |       |       |    65 ||    65
Throw: Tomahawk          |       |       |       |     5 |       ||     5
Invok: Heroism           |       |       |       |    17 |    20 ||    37
       Finesse           |       |       |       |     3 |     9 ||    12
Evoke: Wand              |       |     1 |     2 |    15 |     9 ||    27
       Lightning rod     |       |       |       |       |     4 ||     4
  Use: Potion            |       |     3 |       |       |     7 ||    10
       Scroll            |       |     6 |     3 |    12 |     3 ||    24
 Stab: Invisible         |       |       |       |       |     3 ||     3
       Confused          |       |       |       |       |     1 ||     1
       Distracted        |       |       |       |       |     1 ||     1
  Eat: Chunk             |       |     6 |    12 |    13 |     7 ||    38
       Ration            |       |       |     1 |     3 |     3 ||     7
Armor: Scale mail        |    45 |    71 |   146 |   136 |   101 ||   499
Dodge: Dodged            |    27 |    60 |   210 |   279 |   214 ||   790
Block: Shield            |    37 |    95 |   226 |   293 |   293 ||   944

Table legend:
 A = Spawn XP
 B = Non-spawn XP
 C = Spawn XP percentage of total XP
 D = Spawn monster count
 E = Non-spawn monster count
 F = Spawn count percentage of total count
 G = Total turns spent on level
                    A         B        C        D         E        F      G
               +---------+---------+-------+---------+---------+-------+---------
         Total |       0 |   80327 |   0.0 |       0 |     449 |   0.0 | 19049
               +---------+---------+-------+---------+---------+-------+---------
           D:1 |       0 |      31 |   0.0 |       0 |      18 |   0.0 |   631
           D:2 |       0 |      90 |   0.0 |       0 |      15 |   0.0 |   723
           D:3 |       0 |     161 |   0.0 |       0 |      33 |   0.0 |  1151
           D:4 |       0 |     698 |   0.0 |       0 |      14 |   0.0 |  1873
           D:5 |       0 |    1145 |   0.0 |       0 |      23 |   0.0 |  1325
           D:6 |       0 |     949 |   0.0 |       0 |      22 |   0.0 |   819
           D:7 |       0 |    2682 |   0.0 |       0 |      43 |   0.0 |  1569
           D:8 |       0 |    1744 |   0.0 |       0 |      23 |   0.0 |   796
           D:9 |       0 |    1595 |   0.0 |       0 |      17 |   0.0 |   738
        Lair:1 |       0 |    5657 |   0.0 |       0 |      44 |   0.0 |  2547
        Lair:2 |       0 |    6105 |   0.0 |       0 |      12 |   0.0 |  1453
        Lair:3 |       0 |    5520 |   0.0 |       0 |      20 |   0.0 |   855
        Lair:4 |       0 |   10999 |   0.0 |       0 |      32 |   0.0 |  1008
        Lair:5 |       0 |    8380 |   0.0 |       0 |      23 |   0.0 |  1342
        Lair:6 |       0 |   26512 |   0.0 |       0 |      95 |   0.0 |  1384
      Shoals:1 |       0 |    8059 |   0.0 |       0 |      15 |   0.0 |   642
               +---------+---------+-------+---------+---------+-------+---------
